Cogmind - Beta 13 @@@ ROGUE MODE // 2024.04.02 @ 00:04:26 Player: Cacho Result: Destroyed self with Grenade Launcher Performance ------------- Evolutions (0) 0 Regions Visited (4) 800 Robots Destroyed (19) 95 Value Destroyed (344) 344 Prototype IDs (24) 480 Alien Tech Used (0) 0 Bonus (300) 300 TOTAL SCORE: 2019 Bonus ------- Aligned with FarCom 300 Cogmind --------- Core Integrity 0/250 Matter 176/300 Energy 240/250 System Corruption 1% Temperature Cool (0) Movement Treading (160) Location -9/Mines Parts ------- > --- POWER (1) -------- Ion Engine > --- PROPULSION (2) --- Light Treads Light Treads > --- UTILITY (2) ------ Large Storage Unit Splice Drone Bay (6/6) > --- WEAPON (2) ------- Assault Rifle Grenade Launcher > --- INVENTORY (15) --- Light Ion Engine Aluminum Leg Flying Fortress v7 Large Storage Unit Core Shielding EM Pulse Gun Grenade Launcher Rocket Launcher Peak State ------------ > --- POWER ------------ Ion Engine > --- PROPULSION ------- Light Treads Light Treads > --- UTILITY ---------- Large Storage Unit Splice Drone Bay > --- WEAPON ----------- Assault Rifle Rocket Launcher > --- INVENTORY -------- Light Ion Engine Aluminum Leg Flying Fortress v7 Large Storage Unit Core Shielding EM Pulse Gun Light Assault Rifle Grenade Launcher Grenade Launcher [Rating: 18] Favorites ----------- Power Ion Engine Engine Ion Engine Propulsion Aluminum Leg Treads Light Treads Leg Aluminum Leg Utility Core Shielding Device Splice Drone Bay Storage Large Storage Unit Protection Core Shielding Weapon Assault Rifle Energy Gun EM Pulse Gun Ballistic Gun Assault Rifle Launcher Grenade Launcher Build | -11 -10 -10 -10 -9 ------- Run | Yrd Mat Min Exi Min Slots Evolved . | . . . . . Power . | . . . . . Propulsion . | . . . . . Utility . | . . . . . Weapon . | . . . . . Parts Attached 21 | . 3 7 1 10 Power 1 | . . . . 1 Engine 1 | . . . . 1 Core . | . . . . . Reactor . | . . . . . Propulsion 2 | . . . . 2 Treads 2 | . . . . 2 Leg . | . . . . . Wheel . | . . . . . Hover . | . . . . . Flight . | . . . . . Utility 6 | . 1 3 1 1 Device 1 | . . . . 1 Storage 3 | . . 2 1 . Processor . | . . . . . Hackware . | . . . . . Protection 2 | . 1 1 . . Artifact . | . . . . . Weapon 12 | . 2 4 . 6 Energy Gun . | . . . . . Energy Cannon . | . . . . . Ballistic Gun 5 | . 1 1 . 3 Ballistic Cannon . | . . . . . Launcher 7 | . 1 3 . 3 Special Weapon . | . . . . . Impact Weapon . | . . . . . Slashing Weapon . | . . . . . Piercing Weapon . | . . . . . Special Melee Weapon . | . . . . . Unidentified Prototypes 1 | . . . . 1 Parts Lost 3 | . . . . 3 Power 1 | . . . . 1 Propulsion 1 | . . . . 1 Utility . | . . . . . Weapon 1 | . . . . 1 Highest Loss Streak 2 | . . . . 2 To Critical Strikes . | . . . . . Average Slot Usage (%) 80 | . 99 99 74 74 Engine 13 | . 14 14 14 13 Treads 1 | . . . . 3 Leg 26 | . 28 28 28 24 Device 4 | . . . . 8 Storage 14 | . 14 14 14 14 Protection 9 | . 13 13 14 5 Ballistic Gun 5 | . 24 15 1 1 Launcher 3 | . . 12 1 1 Naked Turns . | . . . . . Heaviest Build 39 | 14 16 17 26 39 Greatest Support 40 | 20 20 20 20 40 Greatest Overweight (x) 1 | . . . 1 1 Average Overweight (x) . | . . . . . Largest Inventory Capacity 30 | . 8 30 15 15 Average Capacity 12 | . 8 8 12 15 Most Carried 15 | . 8 8 13 15 Average Carried 11 | . 7 7 10 13 Final Capacity 15 | 8 8 8 15 15 Final Carried 13 | 6 8 6 13 11 Class Distribution -------------------- 100% | Mutant Dominant Class ---------------- Mutant | -10/Materials Mutant | -10/Mines Mutant | -10/Exiles Mutant | -9/Mines Resources | -11 -10 -10 -10 -9 ----------- Run | Yrd Mat Min Exi Min Matter Collected 582 | 200 83 85 . 214 Remotely . | . . . . . Salvage Created 439 | . 141 133 . 165 Parts 38 | . 20 4 . 14 Haulers Intercepted . | . . . . . Recyclers Shooed 2 | . 1 . . 1 Parts Field Recycled . | . . . . . Retrieved Matter . | . . . . . Parts Self-Destructed . | . . . . . Prevented . | . . . . . Kills | -11 -10 -10 -10 -9 ------- Run | Yrd Mat Min Exi Min Combat Hostiles Destroyed 20 | . 5 4 . 11 Guns 4 | . 2 2 . . AOE 16 | . 3 2 . 11 Classes Destroyed 6 | . 4 . . 2 Worker 2 | . 1 . . 1 Recycler 1 | . . . . 1 Operator 1 | . 1 . . . Swarmer 9 | . 3 . . 6 Grunt 6 | . 2 4 . . Assembled 5 | . . . . 5 Best Kill Streak 5 | . 3 2 . 5 Combat Bots Only 5 | . 3 2 . 5 Max Kills in Single Turn 3 | . 3 1 . 2 Gunslinging . | . . . . . Exploded 3 | . 3 1 . 2 Melee . | . . . . . Uniques/NPCs Destroyed . | . . . . . Combat | -11 -10 -10 -10 -9 -------- Run | Yrd Mat Min Exi Min Hostile Shots Fired 103 | . 15 37 . 51 Missed 27 | . 4 10 . 13 Damage Taken 1044 | . 109 380 . 555 Core 260 | . 13 49 . 198 Absorbed by Shields . | . . . . . Redirected to Shielding 14 | . 3 11 . . Core Remaining (%) 100 | 100 . . . . Volleys Fired 46 | . 11 16 . 19 Largest 2 | . 2 2 . 2 Hottest 60 | . 50 60 . 50 Shots Fired 74 | . 22 32 . 20 Gun 59 | . 21 26 . 12 Cannon . | . . . . . Launcher 15 | . 1 6 . 8 Special . | . . . . . Kinetic 59 | . 21 26 . 12 Thermal . | . . . . . Explosive 15 | . 1 6 . 8 Electromagnetic . | . . . . . Robot Hit Streak 7 | . 3 6 . 7 Robot Miss Streak 3 | . 2 2 . 3 Penetration Max . | . . . . . Secondary Targets . | . . . . . Shots Hit Robots 44 | . 10 22 . 12 Core Hits 44 | . 10 10 . 24 Critical Kills . | . . . . . Critical Parts Destroyed . | . . . . . Critical Strikes . | . . . . . Melee Attacks . | . . . . . Impact . | . . . . . Slashing . | . . . . . Piercing . | . . . . . Sneak Attacks . | . . . . . Combat Hostiles . | . . . . . Follow-up Attacks . | . . . . . Damage Inflicted 1403 | . 212 435 . 756 Guns 442 | . 117 219 . 106 Cannons . | . . . . . Explosions 961 | . 95 216 . 650 Melee . | . . . . . Ramming . | . . . . . Kinetic 442 | . 117 219 . 106 Thermal . | . . . . . Explosive 961 | . 95 216 . 650 Electromagnetic . | . . . . . Impact . | . . . . . Slashing . | . . . . . Piercing . | . . . . . Highest Corruption 1 | . 1 1 1 1 Average Corruption 1 | . 1 1 1 1 Corruption Purged . | . . . . . Corruption Blocked . | . . . . . Effects 19 | . 1 5 6 7 Message Errors 6 | . . 1 3 2 Matter Fused 4 | . . 1 1 2 Heat Flow Errors 5 | . 1 2 1 1 Energy Discharges 3 | . . 1 1 1 Data Loss (minor) 1 | . . . . 1 Overload Shots . | . . . . . Overflow Damage 26 | . . . . 26 Projectiles . | . . . . . Explosions 26 | . . . . 26 Melee . | . . . . . Knockbacks . | . . . . . Impact . | . . . . . Kinetic . | . . . . . Secondary . | . . . . . Self-Inflicted Damage 78 | . . . . 78 Shots 2 | . . . . 2 Rammed . | . . . . . Targets Rammed . | . . . . . Kicked . | . . . . . Crushed . | . . . . . Highest Temperature 204 | . 151 191 155 204 Average Temperature 65 | . 51 64 82 70 Received Heat Transfer 433 | . 30 243 . 160 Siege Activations . | . . . . . Robots Corrupted . | . . . . . Combat Hostiles . | . . . . . Parts Fried . | . . . . . Impact Corruptions . | . . . . . Robots Melted . | . . . . . Combat Hostiles . | . . . . . Parts Melted . | . . . . . Heat Transferred . | . . . . . Parts Sabotaged . | . . . . . Parts Stolen . | . . . . . Parts Stripped . | . . . . . Power Chain Reactions . | . . . . . Alert | -11 -10 -10 -10 -9 ------- Run | Yrd Mat Min Exi Min Peak Influence 172 | . 140 172 . 102 Initial 54 | . . 54 . . Average 53 | . 65 154 . 22 Maximum Alert Level . | . . . . . Low Security (%) 100 | . 100 100 . 100 Level 1 . | . . . . . Level 2 . | . . . . . Level 3 . | . . . . . Level 4 . | . . . . . Level 5 . | . . . . . High Security . | . . . . . Max Security . | . . . . . Squads Dispatched 1 | . 1 . . . Investigation . | . . . . . Extermination . | . . . . . Reinforcement 1 | . 1 . . . Assault . | . . . . . Garrison . | . . . . . Intercept . | . . . . . Searches Triggered . | . . . . . Construction Impeded . | . . . . . Haulers Reinforced . | . . . . . Active Scanning Responses . | . . . . . Cargo Convoy Interrupts . | . . . . . Stealth | -11 -10 -10 -10 -9 --------- Run | Yrd Mat Min Exi Min Distress Signals . | . . . . . Communications Jammed . | . . . . . Distress Signals . | . . . . . Times Spotted 28 | . 6 4 . 18 Peak Tracking Total 12 | . 3 2 . 12 Tactical Retreats . | . . . . . Traps | -11 -10 -10 -10 -9 ------- Run | Yrd Mat Min Exi Min Traps Triggered 1 | . 1 . . . Indirectly . | . . . . . Trap Hack Attempts . | . . . . . Triggered . | . . . . . Disarmed . | . . . . . Reprogrammed . | . . . . . Reused . | . . . . . Traps Extracted . | . . . . . Installed . | . . . . . Triggered . | . . . . . Machines | -11 -10 -10 -10 -9 ---------- Run | Yrd Mat Min Exi Min Machines Disabled . | . . . . . Max in Single Turn . | . . . . . Machines Repaired . | . . . . . Machines Dismantled . | . . . . . Machines Sabotaged . | . . . . . Overloaded Fab Kills . | . . . . . Hacking | -11 -10 -10 -10 -9 --------- Run | Yrd Mat Min Exi Min Machines Accessed 7 | . 1 . 5 1 Terminals . | . . . . . Fabricators . | . . . . . Repair Stations . | . . . . . Recycling Units 1 | . 1 . . . Scanalyzers . | . . . . . Garrison Access . | . . . . . Total Hacks 54 | . 3 . 50 1 Successful 51 | . . . 50 1 Failed 3 | . 3 . . . Catastrophic 1 | . 1 . . . Database Lockouts . | . . . . . Manual 3 | . . . 3 . Terminals . | . . . . . Fabricators . | . . . . . Repair Stations . | . . . . . Recycling Units 3 | . 3 . . . Scanalyzers . | . . . . . Garrison Access . | . . . . . Terminal Hacks 51 | . . . 50 1 Record 49 | . . . 49 . Open Door 1 | . . . . 1 Derelict Proto ID Bank 1 | . . . 1 . Fabricator Hacks . | . . . . . Repair Station Hacks . | . . . . . Recycling Unit Hacks . | . . . . . Scanalyzer . | . . . . . Garrison Access Hacks . | . . . . . Unauthorized Hacks . | . . . . . Terminals . | . . . . . Fabricators . | . . . . . Repair Stations . | . . . . . Recycling Units . | . . . . . Scanalyzers . | . . . . . Garrison Access . | . . . . . Data Cores Recovered . | . . . . . Used . | . . . . . Hacking Detections 1 | . 1 . . . Full Trace Events . | . . . . . Feedback Events . | . . . . . Feedback Blocked . | . . . . . Robot Schematics Acquired . | . . . . . Robots Built . | . . . . . Authchips . | . . . . . Time . | . . . . . Total Robot Build Rating . | . . . . . Part Schematics Acquired . | . . . . . Parts Built . | . . . . . Authchips . | . . . . . Time . | . . . . . Total Part Build Rating . | . . . . . Parts Repaired . | . . . . . Time . | . . . . . Parts Recycled . | . . . . . Recycled Matter . | . . . . . Retrieved Matter . | . . . . . Retrieved Components . | . . . . . Parts Scanalyzed . | . . . . . Part Schematics Acquired . | . . . . . Parts Damaged . | . . . . . Bothacking | -11 -10 -10 -10 -9 ------------ Run | Yrd Mat Min Exi Min Used RIF Installer . | . . . . . Robots Hacked . | . . . . . Non-combat . | . . . . . Combat . | . . . . . Robot Hacks Applied . | . . . . . Relay Couplers Released . | . . . . . Fabnet Peak Effective % . | . . . . . Robots Rewired . | . . . . . Allies Hacked . | . . . . . Hacks Repelled . | . . . . . Allies | -11 -10 -10 -10 -9 -------- Run | Yrd Mat Min Exi Min Total Allies . | . . . . . Largest Group . | . . . . . Highest-Rated Group . | . . . . . Highest-Rated Ally . | . . . . . Total Orders 2 | . . . . 2 RETURN 2 | . . . . 2 Ally Attacks . | . . . . . Total Damage . | . . . . . Kills . | . . . . . Allies Corrupted . | . . . . . Allies Melted . | . . . . . Intel | -11 -10 -10 -10 -9 ------- Run | Yrd Mat Min Exi Min Robot Analysis Total . | . . . . . Derelict Logs Recovered 1 | . . . . 1 Drone Launches 2 | . . . . 2 Drone Recoveries 2 | . . . . 2 Exploration | -11 -10 -10 -10 -9 ------------- Run | Yrd Mat Min Exi Min Turns Passed 2371 | . 240 322 671 1138 Spaces Moved 1360 | 1 169 220 409 561 Core . | . . . . . Treads 53 | . . . . 53 Legs 1307 | 1 169 220 409 508 Wheels . | . . . . . Hover . | . . . . . Flight . | . . . . . Fastest Speed 120 | 120 120 120 120 160 Average Speed 160 | 120 120 120 162 187 Slowest Speed 240 | 120 120 120 190 240 Overloaded Moves . | . . . . . Propulsion Burnouts . | . . . . . Robots Hopped . | . . . . . Cave-ins Triggered . | . . . . . Exploration Rate (%) 47 | 2 29 48 74 82 Regions Visited 4 Branch Regions 3 Pre-discovered Areas 1 | . . . 1 . Known Exits Taken . | . . . . . Unknown Exits Taken 4 | 1 1 1 1 . Scrap Searched 4 | . . 1 . 3 Spaces Dug 12 | . . . . 12 Terrain Destroyed 112 | . 9 39 . 64 Melee . | . . . . . Projectile . | . . . . . AOE 112 | . 9 39 . 64 Terrain Rammed . | . . . . . Walls Destroyed . | . . . . . Machines Disabled . | . . . . . Actions | -11 -10 -10 -10 -9 --------- Run | Yrd Mat Min Exi Min Total 1476 | . 185 246 418 627 Wait 37 | . . . 4 33 Move 1356 | . 168 219 408 561 Hop . | . . . . . Pick Up 9 | . 3 1 2 3 Fast Attach 3 | . . 3 . . Attach 7 | . 1 . . 6 Detach 3 | . . . 2 1 Swap 11 | . 2 4 1 4 Drop 4 | . . 3 1 . Fire 46 | . 11 16 . 19 Melee . | . . . . . Ram . | . . . . . Kick . | . . . . . Crush . | . . . . . Escape Stasis . | . . . . . Rewire . | . . . . . Trap . | . . . . . Miscellaneous . | . . . . . Route ------- -11/Scrapyard -10/Materials -10/Mines (discovered 2 exits: [*Mat] / *Exi) -10/Exiles (discovered 2 exits: *Min x2) -9/Mines (discovered 2 exits: [*Mat x2]) History --------- Turn | Location | Event 1 | -11/Scrapyard | Discovered new exit (range 0) 1 | -11/Scrapyard | Entered Materials 143 | -10/Materials | Discovered new exit (range 8) 241 | -10/Materials | Entered Mines 335 | -10/Mines | Build established: Mutant 404 | -10/Mines | Discovered new exit (range 8) 558 | -10/Mines | Deemed a non-threat by the Exiles lab entrance 558 | -10/Mines | Discovered new exit (range 5) 563 | -10/Mines | Entered Exiles 583 | -10/Exiles | Discovered new exit (range 15) 621 | -10/Exiles | Met 8R-AWN 640 | -10/Exiles | Met EX-HEX 705 | -10/Exiles | Met EX-DEC 830 | -10/Exiles | Met EX-BIN 866 | -10/Exiles | Aligned with FarCom system 868 | -10/Exiles | Given EX-Vault access code 957 | -10/Exiles | Opened EX-Vault 972 | -10/Exiles | Found Flying Fortress v7 1015 | -10/Exiles | Warned to stay clear of 0b10 Research branches 1082 | -10/Exiles | Learned location of Zion (-6) 1194 | -10/Exiles | Discovered new exit (range 10) 1234 | -10/Exiles | Left Exiles lab with Flying Fortress v7 1234 | -10/Exiles | Entered Mines 1445 | -9/Mines | Discovered new exit (range 15) 1556 | -9/Mines | Discovered new exit (range 5) 1608 | -9/Mines | Found the Drone Emporium 1616 | -9/Mines | Learned Materials emergency access door positions 1626 | -9/Mines | Found Prototype Device 1652 | -9/Mines | Identified Splice Drone Bay 2340 | -9/Mines | Assembled infested the area 2345 | -9/Mines | Assisted by a Guerilla fighting off Assembled 2365 | -9/Mines | Core integrity fell below 50% 2371 | -9/Mines | Core integrity fell below 20% 2372 | -9/Mines | Destroyed self with Grenade Launcher Last Messages --------------- 02345_ A derelict emerges from the shadows: "You need to get out of here! I've been tracking a group of Assembled to figure out where they're coming from, and they're closing on this area, come on!" Remember there are three different ways to zoom the map: Scroll the mouse wheel while panning the map with Shift, or toggle via 'z' or the ZOOM button over the map. 02350_ 4E-Q6L(h): "I'll hold them off! Go on ahead or try to find another way!" 02350_ HV Slug penetrates Wall. 02366_ Lgt. Assault Rifle destroyed. 02366_ Destroyed Lgt. Assault Rifle. 02366_ as-03529 destroyed. 02366_ as-35007 destroyed. 02367_ as-16944 suffers critical hit (Destroy). 02367_ as-16944 knocked back. 02369_ as-65263 knocked back. 02369_ as-84132 destroyed. 02369_ as-16944 destroyed. 02371_ K-01 Serf collects debris. 02372_ as-38185 destroyed. Map ----- +----------------------------------------------------+ | | | ?????????????????????????????????????????? | | ?????????????????????????????????????????? | | ?????????????????????????????????????????? | | ?????????????????????????????????????????? | | ?????????????????????????????????????????? | | ?????????????????????????????????????????? | | ?????????????????????????????????????????? | | ?????????????????????????????????????????? | | ?????????????????????????????????????????? | | ?????????????????????????????????????????? | | ?????????????????????????????????????????? | | ?????????????????????????????????????????? | | ?????????????????????????????????????????? | | ?????????????????????????????????????????? | | ?????????????????????????????????????????? | | ?????????????????????????????????????????? | | ?????????????????????????????????????????? | | ????????????????????????????#####????????? | | ??????????????????????????? ?????????? | | ???????????????????#??????? ??????????? | | ???????????????????# ###### #???????????? | | ####?????????????###; #???????????? | | ##?????????#?## ##??????????? | | #?????????# # a % a ##?????????? | | #?????????# a a %@ #?????????? | | # ##?????????### #?????????? | | ####????????????#;a # k #?????????? | | ???????????????## ###### ##?????????? | | #?????????????#; ##????? #??????????? | | ##????????????# ##???? #####??????? | | #????????????# ##??# ???????? | | #????????????## ### ###????????? | | #?????????????# #??????????? | | ##?????????????# #??????????? | | #?????????????## ## #??????????? | | #?????????????# #### #??????????? | | #?????????????# #### ##?????????? | | #?????????????## ## #?????????? | | #??????????????### #?????????? | | #????????????????## ##?????????? | | #?????????????????### ##??????????? | | ##??????????????????## $##???????????? | | ###????????????????# * ##???????????? | | ##???????????????# # #?#?????????? | | ##??????????????### ## #?????????? | | # ##??????????????# # #?????????? | | # ####???????????# # # ##?????????? | | # #???????????###[ #####??????????? | | ### #????????????## !###????????????? | +----------------------------------------------------+ Best States ------------- Heat Dissipation 25 Energy Generation 10 Energy Capacity 250 Matter Stores 300 Matter Capacity 300 Sight Range 16 Terrain Scan Density 10 Core Shielding 20 Evasion (%) 55 Recoil Reduction 2 Item Schematics ----------------- None Robot Schematics ------------------ None Fabricated ------------ Nothing Alien Tech Used ----------------- None Achievements -------------- Dramatic Entrance Challenges ------------ None Game ------ Seed SiegeSuspensionRay Manual? 0 Play Time 00:39:28 Cumulative 16.0 hours Start 2024.04.01 @ 23:13:31 End 2024.04.02 @ 00:04:26 Sessions 1 Manual Loads 0 Difficulty Rogue Special Mode None Game No. 11 Rogue 10 Adventurer 1 Explorer 0 Win Type - Total 0 Types 0/0/0/0/0/0/0/0/0 Lore% 18 Gallery% 20 Achievement% 18 Wizard Run 0 Options --------- Layout 0 ASCII 1 Keyboard 0 Movement Mouse Keybinds 0 Fullscreen 2 Font 18/SmallcapsGlow Map View 76x50 Zoom Use 0% Tactical HUD 1 Map Filters NONE Filters NONE Steam 1 RUN: 946bcc58-5c7e-4f3f-b6be-84cc35b5caf2